 Dungeon Sprint DCSS version 0.15-a0-1798-g4683f23 (webtiles) character file.

510 BluebellGnoll the Conjurer (level 6, -1/49 HPs)
             Began as a High Elf Fire Elementalist on June 29, 2014.
             Was a Follower of Vehumet.
             Slain by a draconian
             ... wielding a +0 war axe
              (3 damage)
             ... while paralysed
             ... in the Dungeon (Sprint V: "Ziggurat Sprint").
             The game lasted 00:06:15 (299 turns).

BluebellGnoll the Conjurer (HEFE)                    Turns: 299, Time: 00:06:15

HP  -1/49        AC 17     Str 13      XL: 6   Next: 98%
MP  19/24        EV  2     Int 28      God: Vehumet [*.....]
Gold 0           SH  0     Dex 15      Spells:  4 memorised, 13 levels left

rFire  + . .     SeeInvis .     O - +9 Sword of Zonguldrok {reap, Curse}
rCold  + . .     Clarity  .     M - +5 gold dragon armour
rNeg   + . .     rCorr    .     N - +18 shield of the gong {rElec rN+ MR+ EV-5}
rPois  +         rRot     .     (no helmet)
rElec  +         Spirit   .     (no cloak)
SustAb .         Warding  .     (no gloves)
rMut   .         NoTele   +     (no boots)
Gourm  .                        (no amulet)
MR     +....                    t - +6 ring of strength
                                s - +6 ring of intelligence

@: paralysed, exhausted, slowed, drained, somewhat resistant to hostile
enchantments, extremely unstealthy
A: no striking features
a: Renounce Religion


You were in the Dungeon.
You worshipped Vehumet.
Vehumet was aware of your devotion.
You were very full.

You visited 1 branch

Inventory:

Hand weapons
 O - the cursed +9 Sword of Zonguldrok (weapon) {reap, Curse}
   (You found it in the Dungeon)

   If a monster killed with it leaves a corpse in good enough shape, the corpse
   will be animated as a zombie friendly to the killer.
   It may recurse itself when equipped.
   It has a curse placed upon it.
 P - a +5 demon blade
Armour
 M - a +5 gold dragon armour (worn)
 N - the +18 shield of the gong (worn) {rElec rN+ MR+ EV-5}
   (You found it in the Dungeon)

   It affects your evasion (-5).
   It insulates you from electricity.
   It protects you from negative energy.
   It affects your resistance to hostile enchantments.
Magical devices
 j - a wand of disintegration (7)
 k - a wand of fire (5)
 l - a wand of cold (3)
 m - a wand of draining (5)
Comestibles
 c - 5 bread rations
 p - 36 fruits
 u - 4 meat rations
Scrolls
 i - 4 scrolls of blinking
 y - 4 scrolls of amnesia
 z - 3 scrolls of recharging
 A - 7 scrolls of fog
 B - a scroll of holy word
 C - 5 scrolls of identify
 D - 5 scrolls of remove curse
 E - 2 scrolls of fear
Jewellery
 q - a +6 ring of dexterity
 r - a +6 ring of intelligence
 s - a +6 ring of intelligence (left hand)
 t - a +6 ring of strength (right hand)
Potions
 d - 10 potions of curing
 e - 9 potions of heal wounds
 f - 6 potions of haste
 g - 7 potions of magic
 h - 2 potions of berserk rage
 F - 2 potions of brilliance
 G - 2 potions of invisibility
 H - 2 potions of restore abilities
 I - 4 potions of resistance
 K - 4 potions of agility
 L - 4 potions of might
Books
 b - a book of Flames

   Spells                             Type                      Level
   *Flame Tongue                      Conjuration/Fire             1
   *Throw Flame                       Conjuration/Fire             2
   *Conjure Flame                     Conjuration/Fire             3
   Inner Flame                        Hexes/Fire                   3
   *Sticky Flame                      Conjuration/Fire             4
   Fireball                           Conjuration/Fire             5
 v - a tome of Destruction
 w - a tome of Destruction
Magical staves
 n - an uncursed staff of energy
Miscellaneous
 o - a crystal ball of energy
 x - a disc of storms


   Skills:
 - Level 7.3(6.9) Fighting
 * Level 7.1(6.7) Long Blades
 - Level 2.1(1.8) Dodging
 - Level 2.1(1.8) Stealth
 + Level 9.2(8.8) Spellcasting
 * Level 9.6(9.2) Conjurations
 - Level 3.0(2.6) Fire Magic


You had 13 spell levels left.
You knew the following spells:

 Your Spells              Type           Power        Failure   Level  Hunger
a - Flame Tongue          Conj/Fire      #####        100%        1    None
b - Throw Flame           Conj/Fire      #####.       100%        2    None
c - Conjure Flame         Conj/Fire      #####...     100%        3    None
d - Sticky Flame          Conj/Fire      #####...     100%        4    #......


Dungeon Overview and Level Annotations

Branches:
Dungeon (1/1)

Altars:
Ashenzari
Cheibriados
Dithmenos
Elyvilon
Fedhas
Gozag
Kikubaaqudgha
Makhleb
Nemelex Xobeh
Okawaru
Qazlal
Sif Muna
Trog
Vehumet
Xom
Yredelemnul
Zin
The Shining One
Beogh
Jiyva
Lugonu


Message History

GONNNNG!
The draconian hits your draconian zombie but does no damage.
You slice the draconian!!
The draconian is heavily wounded.
You are no longer berserk.
You pass out from exhaustion.
You feel yourself slow down.
The draconian hits you but does no damage.
You partially resist.
You feel drained. The draconian hits you with a war axe.
* * * LOW HITPOINT WARNING * * *
The draconian hits your draconian zombie with a war axe!
The draconian hits you but does no damage.
You partially resist.
You feel drained.
Your draconian zombie hits the draconian but does no damage.
The draconian hits you but does no damage.
You partially resist.
You feel drained.
The draconian hits your draconian zombie with a war axe!
The draconian hits you with a war axe.
You die...

▓▓▓▓▓▓▓▓▓▓▓▓▓
▓.8©8.▓.8©8.▓
▓.})[.▓.....▓
▓.....▓.=Z).▓
▓.....▓.....▓
▓.....▓.....▓
▓..dZ.▓.....▓
▓.d@..▓▓▓▓▓▓▓
▓▓▓▓▓▓▓


You could see 2 draconians and a friendly draconian zombie.

Vanquished Creatures
  A draconian (D)
  A wolf (D)
  A green rat (D)
3 creatures vanquished.

Vanquished Creatures (collateral kills)
  A green rat zombie (D)
1 creature vanquished.

Grand Total: 4 creatures vanquished

Notes
Turn   | Place    | Note
--------------------------------------------------------------
     0 | D        | BluebellGnoll, the High Elf Fire Elementalist, began the quest for the Orb.
     0 | D        | Reached XP level 1. HP: 11/11 MP: 4/4
     0 | D        | Found a roughly hewn altar of Beogh.
     0 | D        | Found a corrupted altar of Lugonu.
     1 | D        | Found a white marble altar of Elyvilon.
     2 | D        | Found a sparkling altar of Nemelex Xobeh.
     2 | D        | Found a burning altar of Makhleb.
     2 | D        | Found a deep blue altar of Sif Muna.
     3 | D        | Found a bloodstained altar of Trog.
     7 | D        | Found an iron altar of Okawaru.
    16 | D        | Found an ancient bone altar of Kikubaaqudgha.
    16 | D        | Found a radiant altar of Vehumet.
    17 | D        | Found a basalt altar of Yredelemnul.
    34 | D        | Found a shimmering altar of Xom.
    86 | D        | Reached skill level 7 in Fighting
    86 | D        | Reached XP level 2. HP: 14/27 MP: 6/6
   137 | D        | Became a worshipper of Vehumet
   145 | D        | Entered arena 1.
   145 | D        | Noticed a wolf
   161 | D        | Killed a wolf
   161 | D        | Reached XP level 3. HP: 20/32 MP: 8/15
   161 | D        | Reached XP level 4. HP: 23/38 MP: 9/18
   186 | D        | Learned a level 2 spell: Throw Flame
   190 | D        | Learned a level 3 spell: Conjure Flame
   195 | D        | Learned a level 4 spell: Sticky Flame
   285 | D        | Entered arena 2.
   285 | D        | Noticed a draconian
   285 | D        | Noticed a draconian
   285 | D        | Noticed a draconian
   296 | D        | Killed a draconian
   296 | D        | Acquired Vehumet's first power
   296 | D        | Offered knowledge of Freeze by Vehumet.
   296 | D        | Reached skill level 9 in Spellcasting
   296 | D        | Reached XP level 5. HP: 11/43 MP: 18/22
   296 | D        | Reached XP level 6. HP: 12/49 MP: 19/24
   298 | D        | HP: 2/49 [draconian/war axe (6)]
   299 | D        | Slain by a draconian

Action                   |  1- 3 |  4- 6 || total
-------------------------+-------+-------++-------
Melee: Unarmed           |    10 |       ||    10
       Bastard sword     |     4 |    10 ||    14
Evoke: Wand              |       |     2 ||     2
  Use: Potion            |     4 |     1 ||     5
